AoeStats
← *$up3r [N]0v@*

Arabia

509144250Analyzed
4v4 RM · 5d ago on Sep 25, 2026· 25m 23s· 8 players
Game mode
Random Map
Map size
Large (8 player)
Population
200
Speed
Normal
Resources
Standard
Victory
Conquest
Starting age
Dark Age
Ending age
Imperial Age
RankedLock teamsTeams togetherTeam positionsShared explorationLock speedFull tech treeHidden civsTurbo modeCheats
Victory
Defeat
🇨🇳 Franks · China
1088
+14
🇮🇳 Italians · India
1072
+15
🇹🇼 Tatars · Taiwan
1064
+36
🇭🇰 Khmer · Hong Kong SAR China
1037
+16
🇲🇽 Varangians · Mexico
1138
-18
🇪🇸 Cumans · Spain
1090
-16
🇷🇺 Danes · Russia
1086
-17
🇨🇴 Mongols · Colombia
881
-9
*$up3r [N]0v@*
9:42 Feudal Age
9:49 Feudal Age
9:16 Loom
14:29 Castle Age
12:38 Double-Bit Axe
12:56 Horse Collar
17:47 Bow Saw
23:09 Heavy Plow
code monkey HK
8:36 Feudal Age
9:04 Double-Bit Axe
11:26 Gold Mining
11:44 Loom
13:43 Fletching
14:50 Padded Archer Armor
23:46 Castle Age
25:42 Bodkin Arrow
26:02 Leather Archer Armor
25:09 Crossbowman
geekchang
10:32 Feudal Age
14:51 Castle Age
13:07 Double-Bit Axe
13:05 Horse Collar
14:37 Fletching
17:35 Padded Archer Armor
25:30 Bodkin Arrow
人在阵地在
10:07 Feudal Age
12:45 Scale Barding Armor
18:56 Castle Age
17:57 Forging
John Kalztan
7:21 Loom
9:41 Feudal Age
12:47 Double-Bit Axe
13:22 Horse Collar
23:27 Castle Age
22:08 Gold Mining
22:55 Scale Barding Armor
23:04 Forging
23:56 Bloodlines
Artem
1:00 Loom
11:07 Feudal Age
13:05 Wheelbarrow
12:18 Double-Bit Axe
18:05 Castle Age
15:57 Horse Collar
19:16 Heavy Plow
22:40 Town Watch
mr.aaandrex
0:35 Loom
11:32 Feudal Age
12:05 Double-Bit Axe
12:04 Horse Collar
19:14 Bloodlines
23:38 Castle Age
22:47 Fletching
22:59 Padded Archer Armor
Tezcatlipoca
4:29 Loom
10:36 Feudal Age
17:44 Double-Bit Axe
23:56 Castle Age
23:19 Bloodlines
Connection lost

Rejoining the realm…

Still unreachable

The connection could not be restored.

Session expired

The server has moved on; the page needs a fresh start.